AoeStats
← 帝国的铁汉

Fortress

510151465Analyzed
3v3 RM · 3d ago on Sep 29, 2026· 19m 13s· 6 players
Game mode
Random Map
Map size
Large (8 player)
Population
200
Speed
Normal
Resources
Standard
Victory
Conquest
Starting age
Dark Age
Ending age
Imperial Age
RankedLock teamsTeams togetherTeam positionsShared explorationLock speedFull tech treeHidden civsTurbo modeCheats
Victory
Defeat
🇨🇳 Wei · China
1372
+12
🇭🇰 Wei · Hong Kong SAR China
1275
+16
🇨🇳 Varangians · China
1270
+16
🇨🇦 Turks · Canada
1311
-16
🇮🇪 Khmer · Ireland
1270
-14
🇵🇪 Mongols · Peru
1265
-14
帝国的铁汉
7:44 Feudal Age
8:02 Loom
11:27 Castle Age
9:30 Double-Bit Axe
10:53 Gold Mining
11:07 Horse Collar
12:26 Wheelbarrow
11:48 Stone Mining
12:42 Loom
13:16 Bow Saw
16:34 Fletching
17:58 Ballistics
18:31 Bloodlines
别忘了喝醉
7:26 Feudal Age
12:01 Castle Age
10:34 Double-Bit Axe
我就不睡
0:28 Loom
8:31 Feudal Age
10:55 Double-Bit Axe
11:29 Horse Collar
14:22 Castle Age
12:49 Stone Mining
17:32 Bow Saw
EigenVector
7:46 Feudal Age
11:27 Castle Age
9:29 Double-Bit Axe
9:42 Horse Collar
13:27 Bow Saw
19:17 Wheelbarrow
Havoc_
7:36 Feudal Age
9:00 Horse Collar
11:43 Castle Age
9:50 Double-Bit Axe
14:16 Bow Saw
16:03 Wheelbarrow
pmathews11
6:52 Feudal Age
7:55 Double-Bit Axe
7:51 Horse Collar
11:49 Castle Age
12:52 Bow Saw
18:33 Wheelbarrow
18:05 Fletching
Connection lost

Rejoining the realm…

Still unreachable

The connection could not be restored.

Session expired

The server has moved on; the page needs a fresh start.